 Dungeon Crawl Stone Soup version 0.31-a0-152-g6aa68a64a1 (webtiles) character file.

Game seed: 14567359371466998187

44 qw the Shooter (level 3, -2/32 HPs)
             Began as a Naga Hunter on June 10, 2023.
             Killed from afar by an orc wizard (7 damage)
             ... with a magic dart
             ... on level 2 of the Dungeon.
             The game lasted 00:00:26 (922 turns).

qw the Shooter (Naga Hunter)                         Turns: 922, Time: 00:00:27

Health: -2/32      AC:  2    Str: 13    XL:     3   Next: 62%
Magic:  3/3        EV:  9    Int:  9    God:
Gold:   98         SH:  0    Dex: 16    Spells: 2/2 levels left

rFire   . . .        Y - +0 shortbow
rCold   . . .        (shield currently unavailable)
rNeg    . . .        c - +0 leather armour
rPois   +            (no helmet)
rElec   .            (no cloak)
rCorr   .            (no gloves)
SInv    +            (no barding)
Will    .....        (no amulet)
Stlth   ++           (no ring)
HPRegen 0.25/turn    (no ring)
MPRegen 0.08/turn

%: no passive effects
@: about to teleport, very slow
A: AC +1, large, see invisible, deformed body, poison resistance, slowness 2,
spit poison 1, naga tail 1
a: Spit Poison


You were on level 2 of the Dungeon.
You visited 1 branch of the dungeon, and saw 2 of its levels.

You collected 98 gold pieces.


Innate Abilities, Weirdness & Mutations

Your serpentine skin is tough. (AC +1)
You have supernaturally acute eyesight. (SInv)
Armour fits poorly on your strangely shaped body.
Your system is resistant to poisons. (rPois)
You cover ground very slowly.
You can spit poison.
You have a snake-like lower body.


   Skills:
 - Level 2.0 Fighting
 + Level 4.8 Ranged Weapons
 - Level 1.5 Dodging
 - Level 1.5 Stealth


You had 2 spell levels left.
You didn't know any spells.
Your spell library was empty.

Inventory:

Hand Weapons
 Y - a +0 shortbow (weapon)
Armour
 c - a +0 leather armour (worn)
Jewellery
 b - a +6 ring of dexterity
Potions
 a - a potion of berserk rage {unknown}
 e - a potion of might
 h - 2 potions of curing
 i - a potion of enlightenment {unknown}

Dungeon Overview and Level Annotations

Branches:
Dungeon (2/15)

Altars:


Message History

The puff of flame hits you!
You shoot an arrow.
The arrow closely misses the orc wizard.
You shoot an arrow. The arrow hits the orc.
The orc is almost dead.
You shoot an arrow. The arrow hits the orc!
You kill the orc!
You have got your breath back.
The orc wizard casts a spell at you. The puff of flame hits you!
915 ||| INVOKING Spit Poison.
Aiming: Spit Poison (2% risk of failure)
Press: ? - help, Shift-Dir - straight line, f - orc wizard The splash of poison misses the orc wizard.
You shoot an arrow.
The arrow closely misses the orc wizard.
You shoot an arrow. The arrow misses the orc wizard.
The orc wizard looks more healthy.
You shoot an arrow. The arrow misses the orc wizard.
You have got your breath back.
919 ||| INVOKING Spit Poison.
Aiming: Spit Poison (2% risk of failure)
Press: ? - help, Shift-Dir - straight line, f/p - orc wizard The splash of poison misses the orc wizard.
The orc wizard gestures at you while chanting.
The puff of flame hits you!
You shoot an arrow.
The arrow completely misses the orc wizard.
The orc wizard hits you but does no damage.
You shoot an arrow.
The arrow closely misses the orc wizard.
You have got your breath back.
The orc wizard gestures at you while chanting.
The magic dart hits you.
922 ||| READING scroll of teleportation.
As you read the scroll of teleportation, it crumbles to dust.
You feel strangely unstable. The orc wizard casts a spell at you.
The magic dart hits you!
You die...

..# !.## ...7#
#... ...####..
>######........
..)...o<.......
#@# #.#
###'####
#......#
#......#
+......#
#......##
#.......###
#.........##


You could see an orc wizard.

Vanquished Creatures
  A worm (D:2)
  An orc (D:2)
  A ball python (D:1)
  A bat (D:1)
  3 endoplasms
  A giant cockroach (D:1)
  A goblin (D:1)
  5 hobgoblins (D:1)
  4 jackals (D:1)
  2 quokkas (D:1)
  3 frilled lizards
  5 kobolds (D:1)
  10 rats
38 creatures vanquished.

Notes
Turn   | Place    | Note
-------+----------+-------------------------------------------
     0 | D:1      | qw the Naga Hunter began the quest for the Orb.
     0 | D:1      | Reached XP level 1. HP: 19/19 MP: 1/1
     0 | D:1      | 0 ||| qw: Version: 0.2-a-122-gbc61b45
     0 | D:1      | 0 ||| qw: Game counter: 3536
     0 | D:1      | 0 ||| qw: Always use a shield: true
     0 | D:1      | 0 ||| qw: God list: Okawaru
     0 | D:1      | 0 ||| qw: Allow faded altars: false
     0 | D:1      | 0 ||| qw: Do Orc after D:15 true
     0 | D:1      | 0 ||| qw: Do second Lair branch before Depths: true
     0 | D:1      | 0 ||| qw: Lair rune preference: random
     0 | D:1      | 0 ||| qw: Plans: Normal
     0 | D:1      | 0 ||| PLANNING D:1-11
    15 | D:1      | 15 ||| INVOKING Spit Poison.
    35 | D:1      | 35 ||| INVOKING Spit Poison.
    41 | D:1      | 41 ||| INVOKING Spit Poison.
    58 | D:1      | 58 ||| INVOKING Spit Poison.
    64 | D:1      | 64 ||| INVOKING Spit Poison.
    70 | D:1      | 70 ||| INVOKING Spit Poison.
    77 | D:1      | 77 ||| INVOKING Spit Poison.
    78 | D:1      | Reached skill level 4 in Ranged Weapons
    78 | D:1      | Reached XP level 2. HP: 23/26 MP: 2/2
   113 | D:1      | 113 ||| INVOKING Spit Poison.
   121 | D:1      | 121 ||| INVOKING Spit Poison.
   132 | D:1      | 132 ||| INVOKING Spit Poison.
   181 | D:1      | 181 ||| INVOKING Spit Poison.
   187 | D:1      | 187 ||| INVOKING Spit Poison.
   217 | D:1      | 217 ||| INVOKING Spit Poison.
   220 | D:1      | 220 ||| INVOKING Spit Poison.
   308 | D:1      | 308 ||| INVOKING Spit Poison.
   341 | D:1      | 341 ||| INVOKING Spit Poison.
   357 | D:1      | 357 ||| INVOKING Spit Poison.
   368 | D:1      | 368 ||| INVOKING Spit Poison.
   417 | D:1      | 417 ||| INVOKING Spit Poison.
   420 | D:1      | 420 ||| INVOKING Spit Poison.
   421 | D:1      | Reached XP level 3. HP: 32/32 MP: 3/3
   425 | D:1      | 425 ||| INVOKING Spit Poison.
   431 | D:1      | 431 ||| INVOKING Spit Poison.
   469 | D:1      | 469 ||| INVOKING Spit Poison.
   552 | D:1      | 552 ||| INVOKING Spit Poison.
   619 | D:1      | 619 ||| INVOKING Spit Poison.
   632 | D:1      | 632 ||| INVOKING Spit Poison.
   635 | D:1      | 635 ||| INVOKING Spit Poison.
   697 | D:1      | 697 ||| READING scroll labelled NUG NAEREEBE.
   698 | D:1      | 698 ||| READING scroll labelled QAIRIW RIQI.
   699 | D:1      | 699 ||| READING 2 scrolls labelled YNAZESCHAXTU.
   702 | D:1      | 702 ||| DRINKING 2 viscous brown potions.
   703 | D:1      | 703 ||| DRINKING 3 sapphire potions.
   704 | D:1      | 704 ||| DROPPING scroll of butterflies.
   833 | D:2      | 833 ||| INVOKING Spit Poison.
   890 | D:2      | 890 ||| INVOKING Spit Poison.
   911 | D:2      | 911 ||| INVOKING Spit Poison.
   915 | D:2      | 915 ||| INVOKING Spit Poison.
   919 | D:2      | 919 ||| INVOKING Spit Poison.
   921 | D:2      | HP: 5/32 [orc wizard/magic dart (4)]
   922 | D:2      | 922 ||| READING scroll of teleportation.
   922 | D:2      | Killed from afar by an orc wizard

Levels and vault maps discovered:
D:1:      amcnicky_arrival_underground_garden, layout_loops_cross,
          minmay_rat_gold_closets
D:2:      layout_basic, serial_forest, infiniplex_forest_zigzag_1,
          infiniplex_forest_clump_double, infiniplex_forest_straight_2,
          infiniplex_forest_straight_3, infiniplex_forest_lined_room_2,
          infiniplex_forest_end_2

Skill      XL: |  1 |
---------------+----+-----
Ranged Weapons | 4 |  4.8
Fighting       | |  2.0
Dodging        | |  1.5
Stealth        | |  1.5

Action                     || total
---------------------------++-------
   Fire: Shortbow          ||    72
Ability: Spit Poison       ||    32
    Use: Scroll            ||     4
         Potion            ||     2
 Armour: Leather armour    ||     9
  Dodge: Dodged            ||    17

Table legend:
 A = Non-vault XP
 B = Vault XP
 C = Vault XP percentage of total XP
 D = Non-vault monster count
 E = Vault monster count
 F = Vault count percentage of total count
                 A         B        C        D         E       F
            +---------+---------+-------+---------+---------+-------
      Total |      57 |       7 |  10.9 |      31 |       7 |  18.4
            +---------+---------+-------+---------+---------+-------
        D:1 |      44 |       7 |  13.7 |      25 |       7 |  21.9
        D:2 |      13 |       0 |   0.0 |       6 |       0 |   0.0
            +---------+---------+-------+---------+---------+-------
